Map: [ESL] Moondance

Players

Zoun

  • Race: Protoss Protoss
  • Spawn Location: 12:00

Serral - Winner!

  • Race: Zerg Zerg
  • Spawn Location: 6:00

Event: HomeStory Cup XXII

VOD

Have the link to the VOD?

Description

Time

  • Played on: Dec. 18, 2022, 9:31 a.m.
  • Length: 11:20

All games in this series

Show
View Real Time Build Order
Export as new Build Order

Zoun Protoss 

Build Orders: 1 Gate Expand, Mass Adepts 

Get SALT Encoding   

  12  0:00  Probe  
  13  0:12  Probe  
  14  0:19  Pylon  
  14  0:24  Probe  
  15  0:37  Probe (Chrono Boost)  
  15  0:39  Gateway  
  16  0:47  Probe (Chrono Boost)  
  16  0:49  Assimilator  
  17  0:52  Probe (Chrono Boost)  
  18  1:03  Probe  
  19  1:16  Probe  
  20  1:25  Nexus  
  20  1:37  Cybernetics Core  
  20  1:38  Probe  
  21  1:45  Assimilator  
  21  1:50  Probe  
  21  1:53  Pylon  
  22  2:02  Probe  
  23  2:10  Adept (Chrono Boost)  
  23  2:14  Probe  
  26  2:17  Warp Gate  
  26  2:22  Twilight Council  
  26  2:26  Probe  
  27  2:32  Stalker  
  29  2:38  Probe x2 (Chrono Boost)  
  31  2:48  Probe x2 (Chrono Boost)  
  33  2:53  Probe (Chrono Boost)  
  33  2:55  Robotics Facility  
  33  2:58  Probe  
  35  3:02  Resonating Glaives (Chrono Boost)  
  35  3:04  Probe  
  36  3:10  Probe  
  37  3:13  Adept  
  37  3:17  Probe  
  40  3:24  Gateway  
  40  3:27  Gateway  
  40  3:33  Probe  
  40  3:34  Probe  
  42  3:37  Pylon  
  42  3:41  Warp Prism (Chrono Boost)  
  44  3:51  Probe x2  
  46  3:55  Pylon  
  46  4:03  Gateway  
  46  4:07  Adept  
  46  4:09  Probe x2  
  50  4:10  Assimilator  
  50  4:15  Observer  
  51  4:19  Adept  
  51  4:21  Adept, Probe, Pylon  
  56  4:27  Probe  
  56  4:28  Pylon  
  56  4:31  Adept  
  59  4:33  Probe  
  59  4:35  Robotics Bay  
  60  4:43  Probe  
  60  4:44  Assimilator  
  61  4:46  Probe  
  61  4:51  Adept x3  
  68  4:57  Adept  
  68  4:59  Shield Battery  
  70  5:01  Observer  
  70  5:19  Probe  
  70  5:20  Adept x3  
  77  5:23  Nexus  
  77  5:27  Pylon  
  77  5:31  Disruptor (Chrono Boost)  
  76  5:36  Observer  
  76  5:41  Stalker x2  
  76  5:54  Probe x2  
  78  6:00  Disruptor (Chrono Boost)  
  78  6:02  Gravitic Drive  
  80  6:10  Blink (Chrono Boost)  
  80  6:12  Probe x2  
  82  6:24  Probe x2  
  82  6:25  Stalker x2  
  86  6:28  Pylon  
  86  6:29  Gateway  
  86  6:31  Gateway  
  84  6:33  Gateway  
  84  6:38  Gateway  
  84  6:41  Adept  
  84  6:42  Probe x3  
  84  6:43  Disruptor (Chrono Boost)  
  92  6:48  Stalker  
  92  6:53  Pylon  
  94  6:54  Probe  
  94  6:55  Pylon  
  94  6:57  Sentry x2  
  99  7:02  Pylon  
  99  7:06  Stalker  
  101  7:09  Pylon  
  101  7:12  Observer (Chrono Boost)  
  101  7:13  Pylon  
  102  7:16  Stalker  
  104  7:27  Disruptor (Chrono Boost), Stalker x2  
  111  7:33  Stalker  
  111  7:36  Assimilator  
  113  7:37  Adept  
  113  7:39  Adept x2  
  119  7:51  Probe x3  
  120  8:04  Probe x3  
  123  8:07  Stalker  
  123  8:08  Stalker x5  
  133  8:19  Probe x2  
  135  8:22  Nexus  
  135  8:23  Probe  
  135  8:24  Forge  
  135  8:26  Templar Archives, Pylon  
  136  8:31  Probe x2, Stalker x2  
  139  8:42  Stalker x2  
  139  8:46  Protoss Ground Weapons Level 1  
  143  8:57  Photon Cannon  
  143  9:00  Photon Cannon  
  143  9:02  Photon Cannon  
  143  9:06  Charge (Chrono Boost)  
  143  9:07  Probe x2  
  143  9:08  Shield Battery  
  145  9:10  Photon Cannon  
  145  9:11  Pylon  
  145  9:14  Stalker x2  
  148  9:18  Stalker  
  131  9:25  Adept x3  
  105  9:33  Stalker x2  
  105  9:35  Observer  
  90  9:41  Stalker x3  
  94  9:46  Probe x2  
  94  9:49  Probe  
  97  9:57  Nexus  
  97  9:58  Probe (Chrono Boost)  
  97  9:59  Probe (Chrono Boost), Pylon  
  99  10:02  High Templar x2  
  99  10:05  Probe (Chrono Boost)  
  103  10:10  Probe (Chrono Boost)  
  103  10:11  Probe (Chrono Boost)  
  103  10:12  Archon  
  103  10:13  High Templar x2  
  109  10:16  Probe (Chrono Boost)  
  109  10:18  Shield Battery, Probe (Chrono Boost)  
  109  10:19  Archon  
  109  10:20  Photon Cannon  
  111  10:30  Zealot x4  
  111  10:35  Probe x2  
  121  10:36  Gateway  
  121  10:37  Observer (Chrono Boost), Gateway  
  122  10:47  High Templar  
  124  10:52  High Templar  
  126  11:05  Zealot, Archon  
  126  11:06  Zealot x3  
Show
View Real Time Build Order
Export as new Build Order

Serral Zerg - Winner!

Build Orders: Hatch First 

Get SALT Encoding   

  12  0:00  Drone  
  13  0:08  Drone  
  14  0:32  Hatchery  
  14  0:35  Drone  
  14  0:44  Overlord  
  14  0:50  Drone, Extractor  
  15  1:02  Drone x2  
  17  1:13  Spawning Pool  
  17  1:16  Drone  
  17  1:19  Drone  
  18  1:29  Drone  
  19  1:39  Drone  
  20  1:48  Drone  
  20  1:52  Drone  
  22  1:59  Queen x2  
  22  2:00  Zergling x2  
  27  2:01  Overlord  
  27  2:08  Drone  
  28  2:17  Hatchery  
  28  2:20  Drone  
  28  2:23  Drone  
  28  2:26  Drone  
  28  2:27  Drone  
  31  2:35  Queen  
  33  2:38  Overlord  
  33  2:43  Drone  
  34  2:45  Drone  
  34  2:51  Drone  
  34  2:56  Queen  
  34  2:58  Extractor  
  36  3:00  Overlord  
  36  3:01  Drone  
  37  3:08  Zergling x2  
  37  3:09  Drone x3  
  37  3:10  Drone  
  42  3:18  Queen  
  44  3:25  Drone, Overlord  
  45  3:28  Queen  
  45  3:29  Drone  
  45  3:30  Drone  
  45  3:31  Drone  
  50  3:40  Drone x3  
  53  3:42  Drone, Roach Warren  
  53  3:43  Drone  
  53  3:46  Overlord  
  54  3:50  Extractor  
  54  3:52  Drone  
  54  3:53  Overlord  
  54  3:54  Drone  
  55  3:57  Drone x2  
  55  3:59  Drone  
  55  4:02  Overlord  
  58  4:08  Overlord  
  58  4:15  Evolution Chamber  
  57  4:19  Lair  
  57  4:21  Spore Crawler  
  56  4:25  Overlord x2  
  56  4:27  Roach x2  
  56  4:30  Roach x2  
  64  4:38  Spore Crawler  
  63  4:40  Roach x2  
  63  4:44  Spore Crawler  
  67  4:46  Roach x2  
  67  4:49  Overlord x2  
  71  4:54  Roach  
  71  4:55  Extractor, Overlord  
  71  4:59  Overlord  
  72  5:01  Overlord  
  72  5:07  Overlord  
  72  5:11  Drone  
  72  5:12  Drone x3  
  72  5:13  Drone x3  
  79  5:17  Overseer  
  79  5:18  Glial Reconstitution  
  79  5:23  Drone  
  79  5:24  Drone x2  
  79  5:27  Extractor  
  81  5:32  Roach x3  
  85  5:39  Roach x3  
  85  5:42  Drone x3  
  90  5:45  Drone  
  90  5:46  Drone x2  
  90  5:48  Overseer  
  93  5:50  Drone x2  
  93  5:55  Zerg Melee Weapons Level 1  
  93  5:56  Overlord  
  95  5:57  Drone  
  95  6:01  Drone  
  95  6:03  Drone x2, Overlord  
  99  6:08  Drone x2  
  101  6:12  Extractor  
  98  6:21  Drone x3  
  99  6:26  Roach x2  
  99  6:28  Hatchery  
  99  6:30  Zergling x6  
  105  6:35  Zergling x8  
  105  6:39  Ravager x3  
  112  6:41  Zergling x4  
  112  6:42  Baneling Nest  
  112  6:43  Metabolic Boost  
  112  6:46  Drone  
  114  6:50  Zergling x8  
  118  6:55  Zergling x10  
  124  7:08  Drone x3  
  124  7:14  Drone  
  124  7:15  Zergling x10  
  131  7:20  Infestation Pit  
  130  7:26  Drone x2  
  130  7:27  Drone x2  
  130  7:28  Drone  
  130  7:33  Zergling x8, Drone  
  135  7:43  Drone x2  
  136  7:45  Zergling x8, Ravager x2  
  136  7:49  Zergling x8  
  146  7:52  Zerg Melee Weapons Level 2, Ravager x3  
  146  7:53  Zergling x8  
  153  8:00  Zergling x6  
  153  8:04  Zergling x2  
  156  8:08  Baneling  
  156  8:09  Baneling x20  
  156  8:11  Zergling x10  
  159  8:16  Hive  
  159  8:19  Drone x2  
  161  8:20  Extractor  
  161  8:25  Zergling x2, Drone x3  
  161  8:26  Zergling x4  
  166  8:32  Overlord x3  
  166  8:40  Zergling x14  
  173  8:45  Zergling x6  
  176  8:53  Centrifugal Hooks  
  176  8:54  Pneumatized Carapace  
  176  8:59  Hatchery  
  175  9:06  Drone x3  
  175  9:07  Evolution Chamber  
  177  9:10  Zergling x16  
  180  9:18  Zergling x2  
  180  9:19  Zergling x14  
  168  9:26  Zergling x8  
  157  9:33  Zergling x14  
  157  9:35  Adrenal Glands  
  155  9:43  Drone x6  
  158  9:48  Zergling x8  
  162  9:59  Viper x2  
  168  10:00  Zergling x8  
  168  10:01  Zergling x2  
  168  10:04  Drone  
  168  10:06  Baneling x10  
  168  10:07  Baneling x7  
  174  10:08  Drone  
  174  10:11  Zergling x10  
  180  10:20  Drone x5  
  185  10:31  Zergling x20  
  195  10:38  Ultralisk Cavern  
  195  10:41  Hatchery  
  193  10:48  Zergling x2  
  193  10:49  Zergling x6  
  197  10:53  Baneling x10  
  197  10:54  Baneling x8, Overlord  
  197  10:55  Overlord  
Tags
 
Add a new tag
Caveats
  • Supply blocks, unpowered buildings, or Contaminate may cause inaccurate times.
  • Supply counts are checked every 10 seconds.